 Dungeon Crawl Stone Soup version 0.23.2 (webtiles) character file.

Game seed: 11436420438220400836

13533 Borgoz the Slicer (level 12, -2/73 HPs)
             Began as a Gargoyle Gladiator on Apr 12, 2019.
             Was a Follower of Ashenzari.
             Killed from afar by a red draconian (14 damage)
             ... with a searing blast
             ... in a volcano.
             The game lasted 00:59:18 (11771 turns).

Borgoz the Slicer (Gargoyle Gladiator)             Turns: 11771, Time: 00:59:18

Health: -2/73      AC: 23    Str: 17    XL:     12   Next: 7%
Magic:  15/15      EV: 16    Int: 11    God:    Ashenzari [*.....]
Gold:   535        SH:  0    Dex: 15    Spells: 11/11 levels left

rFire    + . .     SeeInvis .   b - +2 dagger (venom)
rCold    + + .     Gourm    .   (no shield)
rNeg     + . .     Faith    .   d - +4 ring mail {rC+}
rPois    ∞         Spirit   .   C - +2 hat
rElec    +         Reflect  .   l - scarf {rC+ rF+}
rCorr    +         Harm     .   n - +1 pair of gloves
MR       .....                  (no boots)
Stlth    +++.......             x - amulet of rage
HPRegen  0.22/turn              (no ring)
MPRegen  0.14/turn              I - ring of resist corrosion

@: berserk cooldown, slowed, very slow
A: negative energy resistance 1, electricity resistance, unbreathing,
petrification resistance, rot immunity, AC +8
a: Curse Item, Scrying, Renounce Religion, Evoke Berserk Rage


You were in a volcano.
You worshipped Ashenzari.
Ashenzari was aware of your devotion.
You were very hungry.

You visited 3 branches of the dungeon, and saw 12 of its levels.
You also visited: Volcano.

You collected 535 gold pieces.

Inventory:

Hand Weapons
 a - a +0 rapier
 b - a +2 dagger of venom (weapon)
 r - a +1 vampiric rapier
Armour
 d - a +4 ring mail of cold resistance (worn)
 k - a scarf of cloud immunity
 l - a scarf of resistance (worn)
 n - a +1 pair of gloves (worn)
 s - the +4 skin of Zhor {Hibernate rC+++ SInv}
   (You took it off an orc on level 9 of the Dungeon)

   It renders you almost immune to cold.
   It lets you see invisible.
 A - a +2 cloak of invisibility
 C - a +2 hat (worn)
Jewellery
 p - the ring "Remeowogau" {Ice MP-9 Str+9 Dex+5}
   (You took it off an orc on level 9 of the Dungeon)

   [ring of ice]

   It enhances your ice magic.
   It affects your strength (+9).
   It affects your dexterity (+5).
   It makes you vulnerable to fire.
   It protects you from cold.
   It affects your magic capacity (-9).
 q - an uncursed amulet of regeneration
 u - an uncursed amulet of the gourmand
 x - an amulet of rage (around neck)
 H - an uncursed ring of protection from cold
 I - a ring of resist corrosion (right hand)
 J - an uncursed amulet of faith
Wands
 m - a wand of iceblast (7)
 v - a wand of random effects (15)
 D - a wand of flame (14)
 E - a wand of polymorph (6)
 K - a wand of enslavement (3)
Scrolls
 e - a scroll of blinking
 j - 7 scrolls of remove curse
 w - 6 scrolls of teleportation
 y - 2 scrolls of enchant weapon
Potions
 c - 3 potions of lignification
 h - a potion of berserk rage
 o - 2 potions of brilliance
 t - a potion of flight
 z - a potion of magic
 F - a potion of curing
Comestibles
 f - 14 rations
 g - 2 chunks of flesh


   Skills:
 + Level 7.8 Fighting
 * Level 9.4 Short Blades
 - Level 1.7 Throwing
 + Level 7.5 Armour
 * Level 8.7 Dodging
 + Level 8.1 Stealth
 + Level 5.2 Evocations


You had 11 spell levels left.
You didn't know any spells.
Your spell library contained the following spells:

 Spells                   Type           Power        Failure   Level  Hunger
 Corona                   Hex            #......      52%         1    ##.....
 Magic Dart               Conj           #...         52%         1    ##.....
 Ensorcelled Hibernation  Hex/Ice        #.....       65%         2    ###....
 Searing Ray              Conj           #.....       65%         2    ###....
 Confuse                  Hex            #.......     87%         3    ####...
 Dazzling Spray           Conj/Hex       #.....       87%         3    ####...
 Tukima's Dance           Hex            #.......     87%         3    ####...
 Force Lance              Conj/Tloc      #.......     99%         4    #####..
 Fulminant Prism          Conj/Hex       #.........   99%         4    #####..
 Iskenderun's Mystic Bla  Conj           #.......     99%         4    #####..
 Discord                  Hex            #.........   100%        8    #######
 Statue Form              Tmut/Erth      Unusable     N/A         6    N/A

Dungeon Overview and Level Annotations

Branches:
Dungeon (10/15)            Temple (1/1) D:6            Lair (1/6) D:8
    Orc: D:9-12

Altars:
Ashenzari
Cheibriados
Elyvilon
Fedhas
Gozag
Hepliaklqana
Kikubaaqudgha
Makhleb
Nemelex Xobeh
Okawaru
Qazlal
Ru
Sif Muna
Trog
Uskayaw
Vehumet
Wu Jian
Xom
Yredelemnul
Zin
The Shining One

Shops:
D:4 ?*


Innate Abilities, Weirdness & Mutations

You are resistant to torment.
Your stone body is resilient. (AC +8)
You are immune to poison.
You resist negative energy. (rN+)
You are resistant to electric shocks. (rElec)
You can survive without breathing.
You are immune to petrification.
You are immune to rotting.


Message History

The salamander is moderately wounded.
Unknown command.
You are too berserk!
You hit the salamander.
The salamander looks as sick as possible!
The salamander is heavily wounded.
The red draconian misses you.
The salamander hits you with a +0 spear.
* * * LOW HITPOINT WARNING * * *
You are engulfed in flames.
You resist.
* * * LOW HITPOINT WARNING * * *
You see here an uncursed plate armour of fire resistance.
You feel a strong urge to attack something.
You are no longer berserk.
You are exhausted.
You feel yourself slow down.
You feel better.
The red draconian breathes flames at you.
The searing blast hits you! You resist.
You die...

##§≈≈≈## ##§§≈≈≈≈##
#.≈§.§≈≈≈# #....)#
###...#.# #..#∩#.##
######## ######.#####
##$☼##..### ##.##..#.#
#.!Nd@#...###...§§..§§
#§§!($∩###.#......§§≈≈§≈
#§§[.§≈# #####....§§≈≈§§
#≈≈§§≈## #.....≈§§§§≈≈
##≈≈≈## ##....≈≈≈§≈≈≈
#§§# #...§≈≈§§§§§§ ##§
##..§..≈≈§§§≈ ##
###....§§≈≈. .#..§.....


You could see a red draconian and a salamander.

Vanquished Creatures
  Josephine (D:10)
  2 death yaks (D:8)
  A skeletal warrior (D:9)
  An ugly thing (D:9)
  3 salamanders (Volcano)
  A manticore (D:9)
  A cyclops (D:9)
  2 black mambas (Lair:1)
  A spiny frog (Lair:1)
  2 trolls (D:9)
  A queen bee (D:9)
  3 hippogriffs
  Sigmund (D:3)
  3 fire bats (Lair:1)
  4 yaks (D:7)
  3 wraiths (D:10)
  A vampire mosquito (D:8)
  2 water moccasins
  A porcupine (D:7)
  Duvessa (D:6)
  3 ice beasts
  4 orc warriors
  2 sky beasts
  An eye of draining (D:6)
  3 ogres
  A phantom (D:9)
  3 centaurs
  6 bullfrogs
  A big kobold (D:9)
  Blork the orc (D:6)
  A gnoll sergeant (D:9)
  A water moccasin skeleton (D:5)
  Dowan (D:6)
  A scorpion (D:5)
  15 killer bees (D:9)
  3 wights (D:7)
  7 howler monkeys
  2 crimson imps
  3 hounds
  A centaur zombie (D:6)
  2 jellies
  9 orc wizards
  8 orc priests
  2 bullfrog skeletons
  3 worker ants (D:9)
  A killer bee zombie (D:9)
  2 worker ant zombies
  17 gnolls
  2 river rats (D:8)
  7 adders
  4 shadow imps
  2 oozes
  A worm (D:5)
  4 adder skeletons
  2 dart slugs
  7 leopard geckos
  39 orcs
  8 giant cockroaches
  6 goblins
  8 hobgoblins
  7 jackals
  14 kobolds
  2 quokkas
  3 ball pythons
  4 bats
  3 frilled lizards
  8 rats
270 creatures vanquished.

Notes
Turn   | Place    | Note
-------+----------+-------------------------------------------
     0 | D:1      | Borgoz the Gargoyle Gladiator began the quest for the Orb.
     0 | D:1      | Reached XP level 1. HP: 12/12 MP: 1/1
    69 | D:1      | Reached XP level 2. HP: 8/17 MP: 2/2
   329 | D:1      | Reached skill level 3 in Short Blades
   413 | D:1      | Reached XP level 3. HP: 22/22 MP: 3/3
   517 | D:1      | Reached skill level 1 in Stealth
  1115 | D:2      | Reached skill level 1 in Armour
  1115 | D:2      | Reached XP level 4. HP: 26/27 MP: 4/4
  1236 | D:2      | Found a blossoming altar of Fedhas.
  1624 | D:3      | Noticed Sigmund
  1669 | D:3      | Killed Sigmund
  1669 | D:3      | Reached XP level 5. HP: 32/32 MP: 5/5
  1669 | D:3      | Reached XP level 6. HP: 37/37 MP: 6/6
  1774 | D:3      | Reached skill level 4 in Short Blades
  1779 | D:3      | Found an ornate altar of the Wu Jian Council.
  1780 | D:3      | Found a blossoming altar of Fedhas.
  1920 | D:3      | Found a bloodstained altar of Trog.
  2478 | D:4      | Found Ymaet's Magic Scroll Shop.
  2551 | D:4      | Found an opulent altar of Gozag.
  2580 | D:4      | Found Gozag's Platinum Reserve.
  2727 | D:4      | Found a stormy altar of Qazlal.
  3154 | D:5      | Entered Level 5 of the Dungeon
  3248 | D:5      | Noticed an orc warrior
  3256 | D:5      | Reached XP level 7. HP: 24/41 MP: 7/7
  3669 | D:4      | Reached skill level 5 in Short Blades
  3675 | D:4      | Reached XP level 8. HP: 39/48 MP: 8/8
  4412 | D:6      | Reached skill level 5 in Dodging
  4579 | D:6      | Noticed Dowan
  4594 | D:6      | Killed Dowan
  4595 | D:6      | Noticed Duvessa
  4718 | D:6      | Found a shimmering altar of Xom.
  4733 | D:6      | Noticed Blork the orc
  4750 | D:6      | Killed Blork the orc
  4903 | D:6      | Found a staircase to the Ecumenical Temple.
  4939 | D:6      | Reached skill level 6 in Short Blades
  4963 | Temple   | Entered the Ecumenical Temple
  5040 | Temple   | Became a worshipper of Ashenzari the Shackled
  5236 | D:6      | Killed Duvessa
  5236 | D:6      | Reached XP level 9. HP: 53/53 MP: 9/9
  5393 | D:6      | Reached skill level 5 in Fighting
  5632 | D:6      | Reached skill level 5 in Stealth
  6012 | D:7      | Reached skill level 5 in Armour
  6262 | D:7      | Reached skill level 7 in Short Blades
  6464 | D:7      | Reached skill level 1 in Evocations
  6625 | D:7      | Reached XP level 10. HP: 60/60 MP: 10/10
  6839 | D:7      | Found a bloodstained altar of Trog.
  7493 | D:8      | Noticed a death yak
  7494 | D:8      | Noticed a death yak
  7494 | D:8      | Noticed a death yak
  7516 | D:8      | Killed a death yak
  8099 | D:8      | Found a radiant altar of Vehumet.
  8310 | D:8      | Reached * piety under Ashenzari
  8336 | D:8      | Found a white marble altar of Elyvilon.
  8474 | D:8      | Found a basalt altar of Yredelemnul.
  8546 | D:8      | Found a staircase to the Lair.
  8574 | D:8      | Killed a death yak
  8574 | D:8      | Reached skill level 8 in Short Blades
  8963 | D:9      | Noticed a cyclops
  8966 | D:9      | Noticed a manticore
  8978 | D:9      | Noticed a cyan ugly thing
  8979 | D:9      | Killed a manticore
  9001 | D:9      | Killed a cyclops
  9043 | D:8      | Reached XP level 11. HP: 45/66 MP: 13/13
  9526 | D:9      | Identified Zaidun's Papyrus of Hexes and Transformation
  9848 | D:9      | Killed a cyan ugly thing
 10102 | D:9      | Identified the ring "Remeowogau" {Ice MP-9 Str+9 Dex+5}
 10396 | D:10     | Entered Level 10 of the Dungeon
 10396 | D:10     | Noticed a skeletal warrior
 10396 | D:10     | Noticed a skeletal warrior
 10396 | D:10     | Noticed a skeletal warrior
 10402 | D:9      | Killed a skeletal warrior
 10462 | D:10     | Noticed a skeletal warrior
 10704 | D:10     | Noticed Josephine
 10716 | D:10     | Killed Josephine
 10716 | D:10     | Reached skill level 9 in Short Blades
 10961 | Lair:1   | Entered Level 1 of the Lair of Beasts
 11174 | Lair:1   | Reached skill level 5 in Evocations
 11373 | Lair:1   | Found a dark tunnel.
 11383 | Volcano  | Entered a volcano
 11546 | Volcano  | Noticed a salamander
 11555 | Volcano  | Killed a salamander
 11579 | Volcano  | Noticed a salamander
 11610 | Volcano  | Killed a salamander
 11610 | Volcano  | Reached XP level 12. HP: 31/73 MP: 15/15
 11744 | Volcano  | Noticed a red draconian
 11771 | Volcano  | Killed from afar by a red draconian

Skill      XL: |  1  2  3  4  5  6  7  8  9 10 11 |
---------------+----------------------------------+-----
Short Blades   | 3 4 5 6 7 8 9 |  9.4
Stealth        | 1 2 3 4 5 7 8 |  8.1
Armour         | 1 2 3 4 5 6 7 |  7.5
Dodging        | 3 4 5 6 7 8 |  8.7
Fighting       | 3 4 5 6 7 |  7.8
Evocations     | 1 3 5 |  5.2
Throwing       | |  1.7

Action                   |  1- 3 |  4- 6 |  7- 9 | 10-12 || total
-------------------------+-------+-------+-------+-------++-------
Melee: Rapier            |   118 |   198 |   569 |   166 ||  1051
       Dagger            |       |       |       |   831 ||   831
Throw: Throwing net      |       |     2 |     2 |     1 ||     5
 Abil: Evoke Berserk Rag |       |       |     5 |     9 ||    14
Evoke: Wand              |       |       |       |    12 ||    12
  Use: Potion            |       |     4 |     8 |     4 ||    16
       Scroll            |       |     6 |     3 |    13 ||    22
 Stab: Held in net/web   |       |       |     2 |       ||     2
       Sleeping          |       |       |     3 |     8 ||    11
  Eat: Chunk             |     1 |    22 |     5 |    14 ||    42
       Ration            |       |       |     1 |     3 ||     4
Armor: Leather armour    |    33 |       |       |       ||    33
       Ring mail         |     9 |       |   106 |   297 ||   412
       Scale mail        |       |   125 |   167 |       ||   292
       Skin              |       |       |    29 |       ||    29
       Animal skin       |       |       |       |    24 ||    24
Dodge: Dodged            |    80 |   169 |   353 |   621 ||  1223
